 Dungeon Crawl Stone Soup version 0.29.1-13-g9f3cf754e1 (webtiles) character file.

Game seed: 6980803592429741412

271 croobank the Conjurer (level 5, 0/41 HPs)
             Began as a Demigod Conjurer on Jan 24, 2023.
             Killed by nerve-wracking pain
             ... invoked by an orc priest
              (11 damage)
             ... on level 3 of the Dungeon.
             The game lasted 00:07:52 (2736 turns).

croobank the Conjurer (Demigod Conjurer)            Turns: 2736, Time: 00:07:52

Health: 0/41       AC:  2    Str:  8    XL:     5   Next: 70%
Magic:  5/11       EV: 12    Int: 24    God:
Gold:   159        SH:  0    Dex: 12    Spells: 3/9 levels left

rFire   . . .      SeeInvis .   c - +1 dagger (elec)
rCold   . . .      Faith    .   (no shield)
rNeg    . . .      Spirit   .   a - +0 robe
rPois   +          Reflect  .   (no helmet)
rElec   .          Harm     .   (no cloak)
rCorr   .          Rampage  .   (no gloves)
Will    .....                   (no boots)
Stlth   ++........              (no amulet)
HPRegen 0.13/turn               k - ring of poison resistance
MPRegen 0.12/turn               (no ring)

@: no status effects
A: high MP 1, forlorn, divine attributes
a: no special abilities


You were on level 3 of the Dungeon.
You visited 1 branch of the dungeon, and saw 3 of its levels.

You collected 159 gold pieces.

Inventory:

Hand Weapons
 c - a +1 dagger of electrocution (weapon)
Armour
 a - a +0 robe (worn)
Jewellery
 k - a ring of poison resistance (left hand)
Wands
 p - a wand of iceblast (4)
Scrolls
 d - a scroll of brand weapon {unknown}
 e - 4 scrolls of teleportation {unknown}
 i - a scroll of enchant armour {unknown}
 l - a scroll of vulnerability {unknown}
 n - a scroll of identify {unknown}
 o - a scroll of torment {unknown}
Potions
 f - a potion of might {unknown}
 g - a potion of curing {unknown}
 h - a potion of attraction {unknown}
 j - 2 potions of ambrosia {unknown}
 m - a potion of haste {unknown}
 q - a potion of lignification {unknown}


   Skills:
 + Level 1.9 Fighting
 + Level 2.8 Dodging
 + Level 3.1 Stealth
 + Level 2.6 Spellcasting
 + Level 4.2 Conjurations
 + Level 1.4 Hexes


You had 3 spell levels left.
You knew the following spells:

 Your Spells              Type           Power      Damage    Failure   Level
a - Magic Dart            Conj           92%        1d7       1%          1
b - Searing Ray           Conj           46%        2d6       3%          2
c - Dazzling Flash        Conj/Hex       34%        N/A       11%         3

Your spell library contained the following spells:

 Spells                   Type           Power      Damage    Failure   Level
 Fulminant Prism          Conj/Hex       8%         3d7       34%         4
 Iskenderun's Mystic Bla  Conj/Tloc      13%        2d5       43%         4


Dungeon Overview and Level Annotations

Branches:
Dungeon (3/15)

Shops:
D:2 ==:


Innate Abilities, Weirdness & Mutations

You have an increased reservoir of magic. (+10% MP)
You shall have no god before yourself.
Your divine heritage dramatically boosts your attributes as you level up.


Message History

There's something in the way.
You swing at nothing.
You hear the rusting of a very distant drain.
Found a trident.
Found 6 poisoned darts.
A rat comes into view.
Found a stone staircase leading down.
An orc wizard comes into view. It is wielding a +0 dagger.
The orc wizard gestures wildly while chanting.
The orc wizard flickers and vanishes!
Deactivating autopickup; reactivate with Ctrl-A.
An orc and an orc priest come into view.
Found a glowing glass ring.
Found a stone staircase leading up.
Casting: Searing Ray (safe; 3% risk of failure)
Confirm with . or Enter, or press ? or * to list all spells.
Aiming: Searing Ray (safe; 3% risk of failure)
Press: ? - help, Shift-Dir - straight line The searing ray hits something! (Press . to maintain the ray.)
The orc shouts!
The orc priest shouts!
The searing ray hits something.
Reactivating autopickup.
You feel a bit more experienced.
The searing ray hits the orc!
You kill the orc!
Casting: Searing Ray (safe; 3% risk of failure)
Confirm with . or Enter, or press ? or * to list all spells.
Restarting spell: Searing Ray (safe; 3% risk of failure)
Press: ? - help, Shift-Dir - straight line, f - orc priest
Aim: an orc priest, wielding a +0 dagger (78% to hit)
The searing ray hits the orc priest!
The orc priest is heavily wounded. (Press . to maintain the ray.)
The orc priest mumbles some strange prayers to Beogh against you.
Pain shoots through your body!
* * * LOW HITPOINT WARNING * * *
The searing ray hits the orc priest.
The orc priest is almost dead.
The orc priest calls down the wrath of Beogh upon you.
Pain shoots through your body!
You die...

.._.... .. #####.###
....# #. ##...#...##
...## #. ##.........##
...###.##. #...........#
.......##(##)..........#
##.######..............#
#)### ##.##........>#
#†..# ###.###.......#
###.###...# ###@..###
#..##.#.# #..)..#
##)...#.##...).....
##)####.#.o..........
##..# #.#...<........
#.†## #.#............
###.## ...............
#...# ......=........
#.###


You could see an orc priest.

Vanquished Creatures
  A necrophage (D:3)
  A jelly (D:3)
  Natasha (twice) (D:2)
  2 orc wizards (D:3)
  2 adders
  4 dart slugs
  3 orcs (D:3)
  3 ball pythons
  5 bats
  5 endoplasms
  A giant cockroach (D:1)
  5 goblins (D:1)
  5 hobgoblins
  4 quokkas
  5 frilled lizards
  A kobold (D:1)
  8 rats
57 creatures vanquished.

Notes
Turn   | Place    | Note
-------+----------+-------------------------------------------
     0 | D:1      | croobank the Demigod Conjurer began the quest for the Orb.
     0 | D:1      | Reached XP level 1. HP: 14/14 MP: 5/5
   342 | D:1      | Reached XP level 2. HP: 16/20 MP: 0/7
   411 | D:1      | Learned a level 2 spell: Searing Ray
  1334 | D:1      | Reached XP level 3. HP: 18/27 MP: 1/8
  1437 | D:1      | Learned a level 3 spell: Dazzling Flash
  1570 | D:2      | Found Asam's Book Boutique.
  2083 | D:2      | Noticed Natasha
  2089 | D:2      | Killed Natasha
  2090 | D:2      | Reached skill level 1 in Fighting
  2105 | D:2      | Noticed Natasha
  2138 | D:2      | Killed Natasha
  2139 | D:2      | Reached skill level 4 in Conjurations
  2139 | D:2      | Reached XP level 4. HP: 22/35 MP: 1/10
  2256 | D:2      | Found Valappa's Jewellery Boutique.
  2434 | D:2      | Found Gezxiafa's Jewellery Emporium.
  2482 | D:3      | Noticed a necrophage
  2489 | D:3      | Killed a necrophage
  2490 | D:3      | Reached skill level 1 in Hexes
  2490 | D:3      | Reached XP level 5. HP: 40/40 MP: 5/11
  2736 | D:3      | Killed from afar by an orc priest

Illustrated notes

Levels and vault maps discovered:
D:1:      psy_arrival_conway, layout_basic
D:2:      layout_loops_ring, serial_shops, nicolae_shop_advertising_works
          [nicolae_subvault_shop_adworks], nicolae_shop_trees,
          nicolae_shop_competitors_out_of_business, uniq_natasha
D:3:      layout_rooms, nicolae_overflow_crystal_walls, portal_sewer_entry_b

Skill      XL: |  1  2  3  4  5 |
---------------+----------------+-----
Stealth        | 2 3 |  3.1
Dodging        | 2 |  2.8
Spellcasting   | 2 |  2.6
Fighting       | 1 |  1.9
Conjurations   | 4 |  4.2
Hexes          | 1 |  1.4

Action                   |  1- 3 |  4- 6 || total
-------------------------+-------+-------++-------
Melee: Dagger            |    33 |    14 ||    47
 Cast: Magic Dart        |    39 |     1 ||    40
       Searing Ray       |    16 |    12 ||    28
  Use: Potion            |       |     1 ||     1
 Stab: Sleeping          |     4 |     2 ||     6
       Distracted        |       |     1 ||     1
Armor: Robe              |    20 |     2 ||    22
Dodge: Dodged            |    38 |    13 ||    51
